AoeStats
← Janet

Arena

510248413Analyzed
1v1 RM · 3d ago on Sep 30, 2026· 29m 45s· 2 players
Game mode
Random Map
Map size
Tiny (2 player)
Population
200
Speed
Normal
Resources
Standard
Victory
Conquest
Starting age
Dark Age
Ending age
Imperial Age
RankedLock teamsTeams togetherTeam positionsShared explorationLock speedFull tech treeHidden civsTurbo modeCheats
Victory
Defeat
🇦🇺 Mongols · Australia
397
+14
🇺🇸 Chinese · United States
359
-14
wubs
11:59 Feudal Age
14:18 Loom
18:03 Castle Age
17:16 Fletching
18:53 Bodkin Arrow
22:25 Elite Skirmisher
23:35 Squires
28:54 Guard Tower
29:32 Murder Holes
Janet
9:41 Feudal Age
8:37 Loom
11:26 Double-Bit Axe
14:58 Scale Barding Armor
16:48 Bloodlines
20:18 Castle Age
19:53 Forging
20:21 Bloodlines
21:08 Wheelbarrow
20:20 Town Watch
21:14 Wheelbarrow
25:09 Light Cavalry
27:32 Iron Casting
26:57 Scale Mail Armor
Connection lost

Rejoining the realm…

Still unreachable

The connection could not be restored.

Session expired

The server has moved on; the page needs a fresh start.